[Event "*** SCC Grand Prix: Titled Tuesday Blitz"]
[Site "Chess.com"]
[Date "2020.09.08"]
[Round "2"]
[White "Karina_Ivanova"]
[Black "TrickyFortem"]
[Result "1/2-1/2"]
[WhiteElo "2249"]
[BlackElo "2453"]
[TimeControl "180+1"]
[EndTime "10:20:41 PDT"]
[Termination "Game drawn - insufficient material"]

1. d4 d5 2. Nf3 e6 3. g3 c5 4. Bg2 Nf6 5. O-O cxd4 6. Nxd4 Be7 7. c4 dxc4 8. Nc3 O-O 9. Ndb5 Qa5 10.
Bf4 Na6 11. Qa4 Qxa4 12. Nxa4 Bd7 13. Nac3 Bc6 14. Bxc6 bxc6 15. Nd4 Rac8 16. Rfd1 Nd5 17. Bd2 Bf6 18. Be1 Rfd8 19. Ne4 Be5 20. f4 Bc7 21. Bf2 Bb6 22. Rac1 Ndb4 23. a3 Nd5 24. Rxc4 c5 25. Nb3 Kf8 26. Nexc5 Nxc5 27. Bxc5+ Ke8 28. Bxb6 Rxc4 29.
Bxd8 Kxd8 30. Kf2 Ke7 31. Rc1 Ra4 32. Nc5 Rd4 33. Rc2 f5 34. Nd3 Re4 35. Ne5 g5 36. Nd3 gxf4 37. gxf4 Nxf4 38. Nxf4 Rxf4+ 39. Kg3 Rg4+ 40.
Kf3 Kd6 41. Rd2+ Kc6 42. Rc2+ Kb6 43. Rd2 Kc6 44. Rc2+ Kd5 45. Rc7 Rh4 46. Rxa7 Rxh2 47. b4 h5 48. Kg3 Rxe2 49. b5 Ke4 50. a4 f4+ 51. Kh4 Rh2+ 52. Kg5 f3 53. b6 Rb2 54. a5 f2 55. Rf7 Rb5+ 56. Kg6 Rxa5 57. b7 Rb5 58.
Rxf2 Rxb7 59. Kxh5 Rg7 60. Re2+ Kf5 61. Rf2+ Ke5 62. Re2+ Kd6 63. Rd2+ Ke7 64. Re2 Rg1 65. Kh4 Kf6 66. Rf2+ Kg6 67. Re2 Kf7 68. Rf2+ Ke7 69. Re2 Rf1 70. Kg4 Kf6 71. Rd2 Rf5 72.
Re2 e5 73. Rd2 Ke6 74. Rd1 Rf8 75.
Re1 Rf2 76. Kg3 Rd2 77. Kg4 Kd5 78. Kg3 e4 79. Kf4 Rf2+ 80. Ke3 Rf3+ 81. Ke2 Rh3 82.
Rd1+ Ke5 83. Rg1 Rh2+ 84. Ke3 Rh3+ 85. Ke2 Ra3 86. Rg8 Kd4 87. Rd8+ Kc3 88. Rc8+ Kd4 89. Rd8+ Ke5 90. Re8+ Kf4 91. Rf8+ Kg3 92. Rg8+ Kh3 93. Rh8+ Kg4 94. Rg8+ Kf5 95. Rf8+ Kg6 96. Rg8+ Kf7 97.
Rg4 Ra4 98. Ke3 Kf6 99. Rxe4 Ra3+ 100. Kf4 Rh3 101. Rd4 Rh4+ 102. Ke3 Rh1 103. Rf4+ Ke5 104. Re4+ Kd5 105. Rf4 Rh3+ 106. Rf3 Rxf3+ 107. Kxf3 1/2-1/2

[Event "*** SCC Grand Prix: Titled Tuesday Blitz"]
[Site "Chess.com"]
[Date "2020.09.08"]
[Round "2"]
[White "kinga2008"]
[Black "BAS8892"]
[Result "0-1"]
[WhiteElo "2146"]
[BlackElo "2613"]
[TimeControl "180+1"]
[EndTime "10:20:48 PDT"]
[Termination "BAS8892 won by checkmate"]

1. e4 c6 2. d4 d5 3. Nc3 dxe4 4. Nxe4 Bf5 5. Ng3 Bg6 6. h4 h6 7. Nh3 e5 8. dxe5 Qa5+ 9. c3 Qxe5+ 10. Qe2 Nd7 11.
Bf4 Qxe2+ 12. Bxe2 O-O-O 13. O-O-O Ngf6 14. Bc4 Bc5 15. Bd6 Bxd6 16. Rxd6 Ne5 17. Rxd8+ Rxd8 18. Be2 Nd3+ 19. Bxd3 Bxd3 20. Nf4 Bh7 21. f3 g5 22. hxg5 hxg5 23. Nfh5 Nd5 24. Ng7 Bg6 25. N7f5 Kc7 26. Re1 Nf4 27. Re7+ Kb6 28. Nd4 Nxg2 29. Ne4 Nf4 30.
Nxg5 c5 31. Nxf7 Rd5 32. Ne5 Rxe5 33. Rxe5 Nd3+ 34. Kd2 Nxe5 35. Ne6 Nxf3+ 36. Ke3 Ne5 37. b3 Bb1 38. a4 Bc2 39. b4 cxb4 40. cxb4 Bxa4 41.
Kd4 Nc6+ 42. Kc3 a5 43. bxa5+ Kxa5 44. Nc5 b5 45. Nb7+ Kb6 46. Nd6 b4+ 47. Kb2 Bb5 48. Ne4 Bd3 49. Nf2 Bf5 50. Nd1 Kc5 51. Ne3 Be6 52. Nc2 b3 53. Na1 Kb4 54. Nxb3 Bxb3 55. Kc1 Kc3 56. Kb1 Nd4 57. Ka1 Bc2 58. Ka2 Nb3 59. Ka3 Bb1 60. Ka4 Nd4 61. Ka3 Ne6 62. Ka4 Ba2 63. Ka3 Bc4 64. Ka4 Nf4 65.
Ka5 Kb3 66. Kb6 Kb4 67. Kc6 Nd3 68. Kd6 Kb5 69. Ke7 Kc5 70. Kd7 Kd5 71. Kc7 Ne5 72.
Kd8 Bb5 73. Ke7 Bd7 74. Kf6 Kd6 75. Kg5 Ke6 76. Kf4 Bc6 77. Kg5 Nf7+ 78. Kf4 Kf6 79. Ke3 Ke5 80. Kd2 Nd6 81. Kc3 Bd5 82. Kb4 Kd4 83.
Ka3 Kc3 84. Ka4 Bb3+ 85. Ka5 Kc4 86. Kb6 Kd5 87. Ka5 Kc5 88. Ka6 Bc2 89. Ka5 Nb7+ 90. Ka6 Kc6 91. Ka7 Bd3 92. Kb8 Bf5 93. Ka7 Nc5 94.
Kb8 Kb6 95. Ka8 Bd7 96. Kb8 Be6 97. Ka8 Bc8 98. Kb8 Ba6 99. Ka8 Bb7+ 100. Kb8 Nd7# 0-1

[Event "*** SCC Grand Prix: Titled Tuesday Blitz"]
[Site "Chess.com"]
[Date "2020.09.08"]
[Round "2"]
[White "Sankalp_Gupta2003"]
[Black "Mostii"]
[Result "1-0"]
[WhiteElo "2745"]
[BlackElo "2393"]
[TimeControl "180+1"]
[EndTime "10:21:39 PDT"]
[Termination "Sankalp_Gupta2003 won by checkmate"]

1. e4 e6 2. d4 d5 3. Nd2 Nf6 4. e5 Nfd7 5. Bd3 c5 6. c3 b5 7. Bxb5 Qb6 8. Bxd7+ Nxd7 9. Ne2 cxd4 10. cxd4 Ba6 11.
O-O Bxe2 12. Qxe2 Qxd4 13. Nf3 Qb6 14. a3 a5 15. Qd2 Be7 16. Qf4 O-O 17. Qg3 Rfc8 18.
Bh6 Bf8 19. Rab1 Rc2 20. b3 Rac8 21. h4 Nc5 22. h5 Ne4 23. Qg4 Nxf2 24. Rxf2 Qxf2+ 25. Kh1 Qxg2+ 26. Qxg2 Rxg2 27. Kxg2 gxh6 28. b4 axb4 29.
axb4 Rb8 30. b5 Bc5 31. Ne1 Kf8 32. Nd3 Bd4 33. Rb4 Bb6 34. Kf3 Ke7 35. Rg4 Ba5 36.
Rg7 Rxb5 37. Rxh7 Rb3 38. Ke2 Bb6 39. Rxh6 Ra3 40. Rh8 Ra2+ 41. Kf3 Ra3 42. Ke2 Ra2+ 43. Kf1 Rd2 44. Nb4 Rf2+ 45. Ke1 Rh2 46. Kd1 Bc5 47. Nc6+ Kd7 48. Nb8+ Kc7 49. h6 Bd4 50. Na6+ Kb6 51. Nb4 Bxe5 52. Rh7 Kc5 53. Nd3+ Kd6 54. Ke1 Bd4 55.
Nf4 Be3 56. Nd3 Rxh6 57. Rxf7 Bd4 58. Rf8 Rh3 59. Ke2 e5 60. Rf6+ Ke7 61. Ra6 e4 62. Nf4 Rh2+ 63. Ke1 Rh1+ 64. Ke2 Rh2+ 65. Kd1 Rh1+ 66. Kc2 e3 67. Nxd5+ Kd7 68. Kd3 e2 69. Kxe2 Bc5 70. Kd3 Bd6 71. Ne3 Rh3 72. Ke4 Rh4+ 73.
Kf5 Rf4+ 74. Kg6 Re4 75. Nf5 Re6+ 76. Kf7 Re1 77. Rxd6+ Kc7 78. Rd2 Rf1 79. Ke6 Kc6 80.
Rc2+ Kb5 81. Nd4+ Kb4 82. Kd5 Rh1 83. Rb2+ Kc3 84. Rc2+ Kb4 85. Nf3 Rh5+ 86. Ne5 Kb3 87.
Rc8 Rh1 88. Kd4 Rh4+ 89. Kd3 Rh3+ 90. Kd2 Rh2+ 91. Ke3 Rh3+ 92. Nf3 Rh1 93. Kd3 Rh3 94. Ke4 Kb4 95. Nd4 Rh4+ 96. Ke5 Rh5+ 97. Nf5 Kb5 98. Ke6 Rh1 99. Rf8 Re1+ 100. Kd5 Rh1 101. Nd4+ Kb6 102. Rf6+ Kc7 103. Nb5+ Kd7 104. Rf7+ Ke8 105. Nd6+ Kd8 106. Nf5 Rd1+ 107. Nd4 Rd2 108. Ra7 Ke8 109. Ke6 Kf8 110. Kf6 Rf2+ 111. Nf5 Ke8 112. Ke6 Kd8 113. Ra3 Re2+ 114. Kd6 Rd2+ 115. Ke6 Re2+ 116. Ne3 Kc7 117. Rb3 Kc6 118. Rc3+ Kb7 119. Kd6 Ka6 120. Kc6 Re1 121. Ra3# 1-0

[Event "*** SCC Grand Prix: Titled Tuesday Blitz"]
[Site "Chess.com"]
[Date "2020.09.08"]
[Round "2"]
[White "frederiksvane"]
[Black "valeriocarnicelli"]
[Result "1/2-1/2"]
[WhiteElo "2682"]
[BlackElo "2480"]
[TimeControl "180+1"]
[EndTime "10:21:55 PDT"]
[Termination "Game drawn by agreement"]

1. e4 c5 2. Nf3 Nc6 3. Bb5 g6 4. Bxc6 dxc6 5. d3 Bg7 6. O-O e5 7. a4 Qe7 8. a5 Nf6 9. h3 O-O 10.
Be3 Rd8 11. Nbd2 Rb8 12. Qe2 Nd7 13. Nc4 Nf8 14. b4 Ne6 15. bxc5 Nxc5 16. Rfb1 f6 17. Rb2 Be6 18. Nfd2 Rd7 19. Qe1 f5 20. exf5 gxf5 21. Nb3 Nxb3 22. Rxb3 e4 23. Rab1 a6 24. Nb6 Rc7 25.
Rb4 c5 26. Ra4 exd3 27. cxd3 Rc6 28. d4 Bf7 29. dxc5 Re8 30. Qd2 Rg6 31. Nd5 Qd8 32. Nf4 Qxd2 33. Bxd2 Rc6 34. Be3 Re7 35. Rab4 Rcc7 36.
Rb6 Red7 37. Ne6 Bxe6 38. Rxe6 Bc3 39. Rb3 Bxa5 40. Re5 Rf7 41. f4 Rcd7 42. Kf2 Bc7 43. Re6 Kg7 44. c6 bxc6 45. Rxc6 Bd6 46. Rxa6 Be7 47.
Re6 Bf6 48. Rb5 Kg6 49. g4 fxg4 50. hxg4 Kg7 51. Kf3 Rfe7 52. Rxe7+ Rxe7 53. Rb6 Bc3 54. Rc6 Bb2 55. Rb6 Bc3 56. Rc6 Bb2 57. Bc5 Rd7 58. Bf2 h6 59. Ke4 Bf6 60. Be3 Re7+ 61. Kf3 Rd7 62.
Re6 Re7 63. Ra6 Rd7 64. Ra3 Re7 65. Bc5 Rd7 66. Ke4 Rc7 67. Bd6 Rc4+ 68. Kd5 Rd4+ 69. Ke6 Re4+ 70. Kf5 Rd4 71. Ra7+ Kg8 72. Ra8+ Kg7 73.
Ra7+ Kg8 74. Be5 Bxe5 75. fxe5 Rd8 76. Kf6 Rf8+ 77. Kg6 Re8 78. Kxh6 Re6+ 79. Kg5 Rxe5+ 80. Kf6 Re8 81. g5 Rf8+ 82. Kg6 Rc8 83. Rg7+ Kh8 84.
Rf7 Kg8 85. Rd7 Rc6+ 86. Kh5 Rc8 87. Kh6 Rb8 88. Rc7 Rd8 89. Kg6 Rd6+ 90. Kf5 Rd8 91.
Ke6 Rb8 92. Rc6 Rd8 93. Kf6 Rb8 94. Kg6 Rd8 95. Kh6 Re8 96. g6 Rd8 97. Rc7 Rb8 98.
Rg7+ Kh8 99. Rh7+ Kg8 100. Ra7 Rc8 101. Rd7 Rb8 102. Rc7 Ra8 103. Rb7 Rc8 104. Kg5 Rd8 105. Rb6 Rc8 106. Kf6 Rd8 107. Rb7 Ra8 108. Re7 Rb8 109. Rd7 Ra8 110. Rg7+ Kh8 111. Re7 Kg8 112. Rb7 Rc8 113. Rg7+ Kh8 114. Rd7 Kg8 115. Ke7 Ra8 116. Ke6 Ra6+ 117. Kf5 Ra8 118. Kg5 Rc8 119. Kh6 Rb8 120. Rg7+ Kh8 121. Rh7+ Kg8 122. Kg5 Rb5+ 123. Kf6 Rb6+ 124. Kf5 Rb8 125. Re7 Rc8 126. Kf6 Rb8 127. Rg7+ Kh8 128. Rc7 Kg8 129. Rc6 Rd8 130. g7 Rb8 131. Re6 Ra8 132. Kg6 Rb8 133. Re5 Rb6+ 134. Kg5 Kxg7 135. Re7+ Kf8 136. Re5 Rb7 137. Rf5+ 1/2-1/2

[Event "*** SCC Grand Prix: Titled Tuesday Blitz"]
[Site "Chess.com"]
[Date "2020.09.08"]
[Round "3"]
[White "isainz"]
[Black "KatarinaOstojic"]
[Result "0-1"]
[WhiteElo "2072"]
[BlackElo "2337"]
[TimeControl "180+1"]
[EndTime "10:23:52 PDT"]
[Termination "KatarinaOstojic won by resignation"]

1. e4 c5 2. Nf3 d6 3. d4 cxd4 4.
Qxd4 Nf6 5. c4 Nc6 6. Qe3 g6 7. h3 Bg7 8. Nc3 O-O 9. Be2 Nd7 10. O-O Nde5 11. Nxe5 dxe5 12. Rd1 Nd4 13. b3 Qa5 14. Qd2 Qxc3 0-1

[Event "*** SCC Grand Prix: Titled Tuesday Blitz"]
[Site "Chess.com"]
[Date "2020.09.08"]
[Round "3"]
[White "Aleksey_Sorokin"]
[Black "Artyom_ChessMate"]
[Result "0-1"]
[WhiteElo "2770"]
[BlackElo "2550"]
[TimeControl "180+1"]
[EndTime "10:23:53 PDT"]
[Termination "Artyom_ChessMate won by resignation"]

1. d4 d5 2. c4 e6 3. Nf3 Nf6 4.
Nc3 Be7 5. Bf4 O-O 6. e3 Nbd7 7. c5 Ne4 8. Nxe4 dxe4 9. Ne5 Nxe5 10. Bxe5 b6 11. c6 Bb4+ 0-1

[Event "*** SCC Grand Prix: Titled Tuesday Blitz"]
[Site "Chess.com"]
[Date "2020.09.08"]
[Round "3"]
[White "seorobert1971"]
[Black "ChessWarrior7197"]
[Result "0-1"]
[WhiteElo "2677"]
[BlackElo "2942"]
[TimeControl "180+1"]
[EndTime "10:24:15 PDT"]
[Termination "ChessWarrior7197 won by resignation"]

1. c4 e6 2. Nc3 d5 3. d4 c5 4.
cxd5 exd5 5. Nf3 Nc6 6. g3 Nf6 7. Bg2 cxd4 8. Nxd4 Bc5 9. Nb3 Bb6 10. O-O d4 11.
Na4 O-O 12. Bg5 Re8 13. Re1 h6 14. Nxb6 axb6 15. Bxf6 Qxf6 16. Bxc6 bxc6 17. Qxd4 Qd8 18. Qxd8 Rxd8 19. Rec1 c5 20. f3 Be6 21. Kf2 c4 0-1

[Event "*** SCC Grand Prix: Titled Tuesday Blitz"]
[Site "Chess.com"]
[Date "2020.09.08"]
[Round "3"]
[White "LawrenceTrent"]
[Black "ferdipy"]
[Result "1-0"]
[WhiteElo "2534"]
[BlackElo "2330"]
[TimeControl "180+1"]
[EndTime "10:24:29 PDT"]
[Termination "LawrenceTrent won by resignation"]

1. e4 e6 2. d4 d5 3. Nd2 Nf6 4. e5 Nfd7 5. f4 c5 6. c3 Nc6 7. Ndf3 Qb6 8. Ne2 cxd4 9. Nexd4 Bb4 10. cxb4 Nxb4 11. a3 Nc6 12. Nxc6 bxc6 13. Bd3 c5 14. Bc2 Ba6 15. Kf2 f6 16. Re1 O-O 17. exf6 Nxf6 18.
Kg1 Ng4 19. h3 c4+ 20. Qd4 1-0

[Event "*** SCC Grand Prix: Titled Tuesday Blitz"]
[Site "Chess.com"]
[Date "2020.09.08"]
[Round "3"]
[White "enriquebutti"]
[Black "MariaFominykh"]
[Result "0-1"]
[WhiteElo "1813"]
[BlackElo "2350"]
[TimeControl "180+1"]
[EndTime "10:24:40 PDT"]
[Termination "MariaFominykh won by resignation"]

1. d4 d6 2. c4 e5 3. Nc3 exd4 4.
Qxd4 Nc6 5. Qd2 Nf6 6. g3 g6 7.
Bg2 Bg7 8. Nh3 O-O 9. b3 Ne4 10. Bxe4 Bxh3 11. Bb2 Re8 12. Bf3 Nd4 13. Ne4 Nxf3+ 14.
exf3 Bxb2 15. Qxb2 f5 0-1

[Event "*** SCC Grand Prix: Titled Tuesday Blitz"]
[Site "Chess.com"]
[Date "2020.09.08"]
[Round "3"]
[White "Guenplen"]
[Black "biostatistician"]
[Result "1-0"]
[WhiteElo "2900"]
[BlackElo "2610"]
[TimeControl "180+1"]
[EndTime "10:25:08 PDT"]
[Termination "Guenplen won by resignation"]

1. d4 Nf6 2. Nf3 g6 3. c3 Bg7 4. Bf4 O-O 5. h3 b6 6. Nbd2 Bb7 7. e3 c5 8. Be2 Nc6 9. O-O d6 10.
Bh2 Re8 11. a4 e5 12. dxe5 dxe5 13. Nc4 e4 14. Nfd2 Bf8 15. a5 b5 16. a6 Bc8 17.
Na3 Qb6 18. Nxb5 Ne5 19. Bxe5 Rxe5 20. Nc4 Re8 21. Nxb6 1-0

[Event "*** SCC Grand Prix: Titled Tuesday Blitz"]
[Site "Chess.com"]
[Date "2020.09.08"]
[Round "3"]
[White "ecwinslow"]
[Black "Synctel"]
[Result "1-0"]
[WhiteElo "2302"]
[BlackElo "1988"]
[TimeControl "180+1"]
[EndTime "10:25:11 PDT"]
[Termination "ecwinslow won by resignation"]

1. e4 e6 2. d4 d5 3. Nd2 Nc6 4.
Ngf3 Nf6 5. e5 Nd7 6. c3 f6 7. Bb5 Be7 8. exf6 Bxf6 9. O-O O-O 10. Re1 e5 11. Bxc6 bxc6 12. dxe5 Nxe5 13. Nxe5 Bxe5 14.
Rxe5 Qf6 15. Nf3 Bg4 16. Re3 1-0

[Event "*** SCC Grand Prix: Titled Tuesday Blitz"]
[Site "Chess.com"]
[Date "2020.09.08"]
[Round "3"]
[White "aNaartjieZA"]
[Black "Leonid_Starozhilov"]
[Result "0-1"]
[WhiteElo "2482"]
[BlackElo "2693"]
[TimeControl "180+1"]
[EndTime "10:25:12 PDT"]
[Termination "Leonid_Starozhilov won by resignation"]

1. e4 d6 2. Nf3 Nf6 3. d3 c5 4.
g3 Nc6 5. Bg2 g6 6. O-O Bg7 7.
Re1 O-O 8. c3 e5 9. a3 b6 10. b4 Bb7 11. Nbd2 Qe7 12. Bb2 Rac8 13. b5 Nb8 14. d4 Nbd7 15. a4 cxd4 16. cxd4 exd4 17. Bxd4 Ne5 18. Qb3 Nfd7 19. Nxe5 Bxe5 20. Bxe5 dxe5 21. Bh3 Nc5 22. Qa3 Rcd8 23. Rad1 Rd3 24.
Qb4 Rfd8 25. Bf1 R3d4 0-1

[Event "*** SCC Grand Prix: Titled Tuesday Blitz"]
[Site "Chess.com"]
[Date "2020.09.08"]
[Round "3"]
[White "bocah_sakit"]
[Black "vvg2"]
[Result "1-0"]
[WhiteElo "2656"]
[BlackElo "2266"]
[TimeControl "180+1"]
[EndTime "10:25:21 PDT"]
[Termination "bocah_sakit won by resignation"]

1. e4 c5 2. Nf3 Nc6 3. Bb5 g6 4. O-O Bg7 5. c3 Nf6 6. Re1 O-O 7. h3 d5 8. e5 Nd7 9. d4 Qb6 10. Bf1 f6 11. e6 Ndb8 12. dxc5 Qxc5 13. Bf4 Na6 14.
b4 Naxb4 15. cxb4 Nxb4 16. Nbd2 g5 17. Be3 Qd6 18. Nd4 Nc6 19. Nb5 Qd8 20. Nb3 a6 21.
N5d4 Ne5 22. Rc1 h6 23. a4 f5 24. a5 f4 25. Bd2 h5 26. Qxh5 1-0

[Event "*** SCC Grand Prix: Titled Tuesday Blitz"]
[Site "Chess.com"]
[Date "2020.09.08"]
[Round "3"]
[White "serhanberat_ozdemir"]
[Black "parnali1611"]
[Result "1-0"]
[WhiteElo "2476"]
[BlackElo "2152"]
[TimeControl "180+1"]
[EndTime "10:25:24 PDT"]
[Termination "serhanberat_ozdemir won by checkmate"]

1. e4 e5 2. Nf3 Nc6 3. d4 exd4 4. Bc4 Nf6 5. e5 d5 6. Bb5 Ne4 7. Nxd4 Bd7 8. Bxc6 bxc6 9. O-O Bc5 10. f3 Ng5 11. f4 Ne4 12. Be3 Bb6 13. Nd2 f5 14. Nxe4 fxe4 15. f5 c5 16. Qh5+ Ke7 17. Bg5+ Kf8 18. Bxd8 cxd4 19. e6 d3+ 20. Kh1 Rxd8 21. Qf7# 1-0

[Event "*** SCC Grand Prix: Titled Tuesday Blitz"]
[Site "Chess.com"]
[Date "2020.09.08"]
[Round "3"]
[White "Hypercar"]
[Black "Thjop"]
[Result "1-0"]
[WhiteElo "2421"]
[BlackElo "2634"]
[TimeControl "180+1"]
[EndTime "10:25:29 PDT"]
[Termination "Hypercar won by resignation"]

1. d4 d5 2. c4 e5 3. dxe5 d4 4.
Nf3 Nc6 5. a3 Be6 6. e3 dxe3 7.
Qxd8+ Rxd8 8. Bxe3 Nge7 9. Nbd2 Nf5 10. Bf4 h6 11. O-O-O g5 12. Bg3 Bg7 13. Be2 g4 14.
Nh4 Nfd4 15. Rhe1 Nxe2+ 16. Rxe2 Nd4 17. Re3 h5 18. Bf4 Ke7 19. Bg5+ f6 20. Ng6+ Kf7 21. Nxh8+ Rxh8 22. Bxf6 Bxf6 23. exf6 Kxf6 24. Ne4+ Ke5 25. Ng5+ Kf5 26. Rxd4 1-0

[Event "*** SCC Grand Prix: Titled Tuesday Blitz"]
[Site "Chess.com"]
[Date "2020.09.08"]
[Round "3"]
[White "Bodnar_Mykola"]
[Black "crescentmoon2411"]
[Result "0-1"]
[WhiteElo "2526"]
[BlackElo "2767"]
[TimeControl "180+1"]
[EndTime "10:25:40 PDT"]
[Termination "crescentmoon2411 won by resignation"]

1. d4 Nf6 2. c4 c5 3. d5 e6 4. Nc3 exd5 5. cxd5 d6 6. e4 g6 7. f4 Bg7 8. Bb5+ Nfd7 9. a4 O-O 10. Nf3 Na6 11. O-O Nb4 12. a5 Nf6 13. Bc4 Bg4 14.
h3 Bxf3 15. Qxf3 Nc2 16. Ra4 Nd4 17. Qd3 Re8 18. Be3 Qe7 19. Bxd4 cxd4 20. Nb5 Nxe4 21. Re1 f5 22. Nxd4 Qh4 23. Rf1 Nc5 24. Qd2 Bxd4+ 25.
Qxd4 Nxa4 26. Bb5 Re4 0-1

[Event "*** SCC Grand Prix: Titled Tuesday Blitz"]
[Site "Chess.com"]
[Date "2020.09.08"]
[Round "3"]
[White "evgenyermolaev"]
[Black "MrrRefrao"]
[Result "1-0"]
[WhiteElo "2441"]
[BlackElo "2216"]
[TimeControl "180+1"]
[EndTime "10:25:42 PDT"]
[Termination "evgenyermolaev won by resignation"]

1. d4 Nf6 2. Nc3 d5 3. Bf4 e6 4. Nb5 Na6 5. e3 c6 6. Nc3 Nc7 7. Nf3 Bd6 8. Ne5 a6 9. g4 c5 10. g5 cxd4 11. gxf6 dxc3 12. fxg7 Rg8 13. Nxf7 Kxf7 14.
Qh5+ Kxg7 15. Rg1+ Kh8 16. Be5+ 1-0

[Event "*** SCC Grand Prix: Titled Tuesday Blitz"]
[Site "Chess.com"]
[Date "2020.09.08"]
[Round "3"]
[White "ljuks68"]
[Black "NotFischer"]
[Result "0-1"]
[WhiteElo "2412"]
[BlackElo "2225"]
[TimeControl "180+1"]
[EndTime "10:25:43 PDT"]
[Termination "NotFischer won by resignation"]

1. e4 d5 2. exd5 Nf6 3. d4 Bg4 4. Bb5+ Nbd7 5. f3 Bf5 6. g4 Bg6 7. Nc3 a6 8. Ba4 b5 9. Bb3 Nb6 10. a4 b4 11. a5 bxc3 12. axb6 cxb2 13. Bxb2 cxb6 14. c4 e6 15. Ba4+ b5 16. cxb5 Bb4+ 17. Kf2 O-O 18. bxa6 Rxa6 19. dxe6 fxe6 20. Kg2 Nd5 21.
Qb3 Qh4 22. Ne2 Bc2 23. Bd7 Bxb3 0-1

[Event "*** SCC Grand Prix: Titled Tuesday Blitz"]
[Site "Chess.com"]
[Date "2020.09.08"]
[Round "3"]
[White "snap_man"]
[Black "jucAxx"]
[Result "0-1"]
[WhiteElo "2292"]
[BlackElo "2052"]
[TimeControl "180+1"]
[EndTime "10:25:45 PDT"]
[Termination "jucAxx won by checkmate"]

1. e4 e6 2. d4 d5 3. Nd2 c5 4. Ngf3 a6 5. c3 cxd4 6. Nxd4 Nc6 7. Nxc6 bxc6 8. Bd3 Bd6 9. O-O Nf6 10. Re1 Qc7 11.
h3 O-O 12. c4 Rd8 13. exd5 cxd5 14. cxd5 Bh2+ 15. Kh1 Rxd5 16. Qe2 Bb7 17. Nf3 Bf4 18. Bxf4 Qxf4 19. Rad1 Rh5 20. Ng1 Ng4 21. Nf3 Bxf3 22. Qxf3 Qh2# 0-1

[Event "*** SCC Grand Prix: Titled Tuesday Blitz"]
[Site "Chess.com"]
[Date "2020.09.08"]
[Round "3"]
[White "mortngabriel"]
[Black "MikeKorovin"]
[Result "0-1"]
[WhiteElo "2397"]
[BlackElo "2605"]
[TimeControl "180+1"]
[EndTime "10:25:47 PDT"]
[Termination "MikeKorovin won by resignation"]

1. d4 e6 2. e4 d5 3. Nd2 Nc6 4. Ngf3 Nf6 5. e5 Nd7 6. Bb5 f6 7. exf6 Qxf6 8. Nf1 Bd6 9. Bg5 Qf7 10. Bh4 e5 11.
dxe5 Ndxe5 12. Nxe5 Bxe5 13. Qe2 O-O 14. Bxc6 bxc6 15.
Ne3 Bxb2 16. Rd1 Bc3+ 17. Kf1 a5 18. Kg1 Qg6 19. Bg3 Ba6 20. Qg4 Qxg4 21. Nxg4 Be2 0-1

[Event "*** SCC Grand Prix: Titled Tuesday Blitz"]
[Site "Chess.com"]
[Date "2020.09.08"]
[Round "3"]
[White "MarcoRiehle"]
[Black "mishanick"]
[Result "0-1"]
[WhiteElo "2696"]
[BlackElo "3006"]
[TimeControl "180+1"]
[EndTime "10:25:50 PDT"]
[Termination "mishanick won by resignation"]

1. e4 c5 2. a3 Nc6 3. b4 Nf6 4. b5 Nd4 5. c3 Ne6 6. e5 Nd5 7. d4 cxd4 8. cxd4 Qa5+ 9. Bd2 Qb6 10. Be3 Nxe3 11. fxe3 g6 12. Nf3 Bh6 13. Qd3 O-O 14. Nc3 d6 15. Be2 dxe5 16. Nxe5 f6 17. Nf3 Nc7 18.
O-O Bf5 19. Qc4+ Be6 20. Qd3 Rad8 21. a4 Nd5 22. a5 Qc7 23. Nxd5 Bxd5 24. Rac1 Qxa5 25.
Ra1 Qb6 26. Rfc1 e5 27. Qa3 exd4 28. Nxd4 Rfe8 0-1

[Event "*** SCC Grand Prix: Titled Tuesday Blitz"]
[Site "Chess.com"]
[Date "2020.09.08"]
[Round "3"]
[White "Chessdemon2019"]
[Black "arminmusovic"]
[Result "1/2-1/2"]
[WhiteElo "2383"]
[BlackElo "2568"]
[TimeControl "180+1"]
[EndTime "10:25:54 PDT"]
[Termination "Game drawn by agreement"]

1. e4 c6 2. d4 d5 3. exd5 cxd5 4. Bd3 Nc6 5. c3 Nf6 6. Bf4 g6 7. Nf3 Bg7 8. Nbd2 O-O 9. O-O Re8 10. Qe2 Nd7 11. Ne5 Ndxe5 12. dxe5 f6 13. exf6 exf6 14. Qf3 Be6 15. Bb5 Bf7 16. Nb3 a6 17. Bxc6 bxc6 18.
Rfe1 Qb6 19. Be3 Qb5 20. Rab1 Qa4 21. Ra1 Qe4 22. Qxe4 Rxe4 23. Nc5 Re7 24. Bd4 Bf8 25. Rxe7 Bxe7 26. Re1 Bxc5 27. Bxc5 Re8 28. Rxe8+ Bxe8 29. f3 1/2-1/2

[Event "*** SCC Grand Prix: Titled Tuesday Blitz"]
[Site "Chess.com"]
[Date "2020.09.08"]
[Round "3"]
[White "sergiochess83"]
[Black "Korchmar_Vasiliy"]
[Result "1-0"]
[WhiteElo "2835"]
[BlackElo "2604"]
[TimeControl "180+1"]
[EndTime "10:25:55 PDT"]
[Termination "sergiochess83 won by resignation"]

1. e4 c5 2. Nf3 d6 3. d4 cxd4 4. Nxd4 Nf6 5. Nc3 Nc6 6. Nd5 e6 7. Nxf6+ Qxf6 8. Nb5 Qd8 9. c4 a6 10. Nc3 Be7 11. Be3 O-O 12. Be2 Bd7 13. O-O Rc8 14. Rc1 Ne5 15. b3 Bc6 16. f4 Ng6 17. Bd3 Qa5 18. Qd2 Qa3 19. Nb1 1-0

[Event "*** SCC Grand Prix: Titled Tuesday Blitz"]
[Site "Chess.com"]
[Date "2020.09.08"]
[Round "3"]
[White "Hikaru"]
[Black "AlexandraBotez"]
[Result "1-0"]
[WhiteElo "3208"]
[BlackElo "2238"]
[TimeControl "180+1"]
[EndTime "10:25:55 PDT"]
[Termination "Hikaru won by resignation"]

1. e4 e6 2. d4 d5 3. Nc3 Nf6 4. e5 Nfd7 5. f4 c5 6. Nf3 a6 7. Ne2 Nc6 8. c3 b5 9. g4 cxd4 10. cxd4 Qa5+ 11. Kf2 g6 12. f5 Qb6 13. Be3 h5 14. fxe6 fxe6 15. gxh5 Rxh5 16. Nf4 Rf5 17. Bh3 Ncxe5 18. Bxf5 gxf5 19. Nxe5 Nxe5 20. dxe5 Bc5 21. Qh5+ Ke7 22. Ng6+ Kd7 23. Qh7+ Kc6 24. Rac1 1-0

[Event "*** SCC Grand Prix: Titled Tuesday Blitz"]
[Site "Chess.com"]
[Date "2020.09.08"]
[Round "3"]
[White "KaterynaLagno"]
[Black "Nafania1"]
[Result "1-0"]
[WhiteElo "2705"]
[BlackElo "2411"]
[TimeControl "180+1"]
[EndTime "10:25:59 PDT"]
[Termination "KaterynaLagno won by resignation"]

1. e4 e6 2. d4 d5 3. Nd2 Be7 4. Ngf3 Nf6 5. e5 Nfd7 6. Bd3 c5 7. c3 b6 8. O-O Ba6 9. Ne1 O-O 10. Qg4 cxd4 11.
cxd4 Bxd3 12. Nxd3 Nc6 13. Nf3 Kh8 14. h4 Rc8 15. Bg5 Bxg5 16. hxg5 Qe7 17. Nf4 Rfe8 18. Rae1 Nf8 19. g3 Qd6 20. exd6 1-0

[Event "*** SCC Grand Prix: Titled Tuesday Blitz"]
[Site "Chess.com"]
[Date "2020.09.08"]
[Round "3"]
[White "Ashedu66"]
[Black "Chessbard1972"]
[Result "1-0"]
[WhiteElo "2186"]
[BlackElo "2379"]
[TimeControl "180+1"]
[EndTime "10:26:06 PDT"]
[Termination "Ashedu66 won on time"]

1. d4 d5 2. c4 e6 3. Nf3 c5 4. e3 Nf6 5. Nc3 a6 6. cxd5 exd5 7. Bd3 Nc6 8. dxc5 Bxc5 9. h3 O-O 10. O-O Qe7 11. Be2 Rd8 12. Re1 Bf5 13. b3 h6 14. Bb2 Rac8 15. Rc1 1-0

[Event "*** SCC Grand Prix: Titled Tuesday Blitz"]
[Site "Chess.com"]
[Date "2020.09.08"]
[Round "3"]
[White "ClockworkKubrick"]
[Black "VinzentSpitzl"]
[Result "0-1"]
[WhiteElo "2147"]
[BlackElo "2363"]
[TimeControl "180+1"]
[EndTime "10:26:09 PDT"]
[Termination "VinzentSpitzl won by resignation"]

1. e4 c5 2. Nf3 d6 3. Nc3 Nf6 4. Bb5+ Bd7 5. O-O g6 6. d3 Bg7 7. Be3 O-O 8. Bxd7 Qxd7 9. Qd2 Nc6 10. Bh6 a6 11. Bxg7 Kxg7 12. h3 b5 13. Nh2 b4 14.
Nd1 d5 15. f3 dxe4 16. fxe4 Nxe4 17. Qf4 Qd4+ 18. Kh1 Nf6 19. Ne3 Qxf4 20. Rxf4 Nd4 21. c3 bxc3 22. bxc3 Nb5 23. Rc4 Rfd8 24. Rd1 Nd5 25.
Nxd5 Rxd5 26. d4 Rad8 27. a4 Na3 0-1